[Event "EYTCC U18 Open 2019"]
[Site "Pardubice"]
[Date "2019.07.14"]
[Round "4.35"]
[White "Schmidek, Emil"]
[Black "Grieve, Harry"]
[Result "1-0"]
[ECO "B48"]
[WhiteElo "2391"]
[BlackElo "2235"]
[Annotator "NA"]
[PlyCount "145"]
[EventDate "2019.07.11"]
[EventType "swiss"]
[EventCountry "CZE"]
[SourceTitle "playchess.com"]
[Source "ChessBase"]
[SourceQuality "1"]
[WhiteTeam "Germany"]
[BlackTeam "England"]
[WhiteTeamCountry "GER"]
[BlackTeamCountry "ENG"]
[TimeControl "40/5400+30:1800+30"]

1. e4 c5 2. Nf3 e6 3. d4 cxd4 4. Nxd4 Nc6 5. Nc3 Qc7 6. Be3 a6 7. Qd2 Nf6 8. O-O-O Bb4 9. f3 Ne5 10. Nb3 b5 11. Qe1 Be7 12. f4 Ng6 13. e5 Ng4 14. Ne4 Nxe3 15. Qxe3 O-O 16. Nd6 Bb7 17. Rg1 Bd5 18. Nf5 a5 19. Nxe7+ Nxe7 20. Qc5 Rfc8 21. Qxc7 Rxc7 22. Bxb5 a4 23. Nd4 Bxa2 24. Rd3 Nd5 25. Ra3 Bc4 26. g3 Bxb5 27. Nxb5 Rc5 28. Nd6 f6 29. exf6 gxf6 30. Rd1 Rc6 31. Nf5 Kf7 32. Nd4 Rc4 33. b3 Rb4 34. Rd3 Rc8 35. Rxa4 Rxa4 36. bxa4 Rc4 37. a5 Nb4 38. Rd2 d5 39. Kb2 e5 40. fxe5 fxe5 41. Nf3 Ke6 42. Ng5+ Kf5 43. Nxh7 e4 44. Rf2+ Ke5 45. Ng5 Nc6 46. h4 Rb4+ 47. Kc1 Nxa5 48. h5 e3 49. Rh2 Nc4 50. h6 Rb8 51. h7 e2 52. Rxe2+ Kf6 53. Rh2 Rh8 54. Nf3 Kg6 55. Nh4+ Kg5 56. Ng2 Kg4 57. Rh6 Kxg3 58. Nh4 Ne5 59. Ng6 Nxg6 60. Rxg6+ Kf4 61. Rh6 Ke3 62. Kd1 Kd4 63. Kd2 Kc4 64. c3 d4 65. Rh4 Kc5 66. cxd4+ Kd5 67. Kd3 Kd6 68. Rh5 Ke6 69. d5+ Kd6 70. Kd4 Kd7 71. Rh6 Kc8 72. Ke5 Kd7 73. Kf6 1-0

[Event "EYTCC U18 Open 2019"]
[Site "Pardubice"]
[Date "2019.07.14"]
[Round "4.36"]
[White "Stoyanov, Viktor"]
[Black "Krastev, Alexander"]
[Result "1/2-1/2"]
[ECO "A30"]
[WhiteElo "2198"]
[BlackElo "2325"]
[Annotator "NA"]
[PlyCount "96"]
[EventDate "2019.07.11"]
[EventType "swiss"]
[EventCountry "CZE"]
[SourceTitle "playchess.com"]
[Source "ChessBase"]
[SourceQuality "1"]
[WhiteTeam "England"]
[BlackTeam "Germany"]
[WhiteTeamCountry "ENG"]
[BlackTeamCountry "GER"]
[TimeControl "40/5400+30:1800+30"]

1. c4 c5 2. Nf3 Nf6 3. Nc3 g6 4. e3 Bg7 5. d4 O-O 6. Be2 cxd4 7. Nxd4 Nc6 8. Nc2 d6 9. O-O Be6 10. Rb1 d5 11. Na3 Rc8 12. Bd2 Bf5 13. Rc1 d4 14. exd4 Nxd4 15. Re1 Rc7 16. Bf4 Rd7 17. Qa4 a6 18. Bf1 Nh5 19. Be3 e5 20. c5 Nf6 21. h3 Ne4 22. Ne2 Rc7 23. Qa5 Rxc5 24. Rxc5 b6 25. Rd5 bxa5 26. Rxd8 Rxd8 27. Rc1 Be6 28. f3 Nd6 29. Nc3 Rb8 30. b3 N6b5 31. Nc4 Nxc3 32. Rxc3 e4 33. Rc1 exf3 34. Nxa5 fxg2 35. Kxg2 h5 36. Bxd4 Bxd4 37. Nc6 Be3 38. Nxb8 Bxc1 39. Nxa6 Kf8 40. Nc5 Bd5+ 41. Kf2 Ke7 42. Bc4 Bxc4 43. bxc4 Ba3 44. Nd3 g5 45. h4 f6 46. Kf3 Ke6 47. hxg5 fxg5 48. Nf4+ gxf4 1/2-1/2

[Event "EYTCC U18 Open 2019"]
[Site "Pardubice"]
[Date "2019.07.15"]
[Round "5.1"]
[White "Gazik, Viktor"]
[Black "Gumularz, Szymon"]
[Result "1/2-1/2"]
[ECO "A22"]
[WhiteElo "2525"]
[BlackElo "2502"]
[Annotator "ChessBase"]
[PlyCount "49"]
[EventDate "2019.07.11"]
[EventType "swiss"]
[EventCountry "CZE"]
[SourceTitle "playchess.com"]
[Source "ChessBase"]
[SourceQuality "1"]
[WhiteTeam "Slovakia"]
[BlackTeam "Poland"]
[WhiteTeamCountry "SVK"]
[BlackTeamCountry "POL"]
[TimeControl "40/5400+30:1800+30"]

1. c4 Nf6 2. Nc3 e5 3. g3 d5 4. cxd5 Nxd5 5. Bg2 Nb6 6. Nf3 Nc6 7. a3 Be7 8. b4 Be6 9. Rb1 f6 10. O-O O-O 11. d3 a5 12. b5 Nd4 13. e3 Nxf3+ 14. Bxf3 Rb8 15. Qc2 Qc8 16. Bh1 Rd8 17. Rd1 Bg4 18. Rd2 Bf5 19. Bb2 Qd7 20. Rbd1 Bg4 21. Rc1 Bf5 22. Rcd1 Bg4 23. Rc1 Bf5 24. Qd1 Kh8 25. Ne4 1/2-1/2

[Event "EYTCC U18 Open 2019"]
[Site "Pardubice"]
[Date "2019.07.15"]
[Round "5.2"]
[White "Teclaf, Pawel"]
[Black "Pechac, Jergus"]
[Result "1/2-1/2"]
[ECO "B34"]
[WhiteElo "2454"]
[BlackElo "2469"]
[Annotator "ChessBase"]
[PlyCount "95"]
[EventDate "2019.07.11"]
[EventType "swiss"]
[EventCountry "CZE"]
[SourceTitle "playchess.com"]
[Source "ChessBase"]
[SourceQuality "1"]
[WhiteTeam "Poland"]
[BlackTeam "Slovakia"]
[WhiteTeamCountry "POL"]
[BlackTeamCountry "SVK"]
[TimeControl "40/5400+30:1800+30"]

1. e4 c5 2. Ne2 Nf6 3. Nbc3 Nc6 4. d4 cxd4 5. Nxd4 e5 6. Ndb5 d6 7. Nd5 Nxd5 8. exd5 Nb8 9. a4 Be7 10. Be2 O-O 11. O-O Nd7 12. Bd2 f5 13. a5 a6 14. Na3 Rf6 15. f4 e4 16. Nc4 Rh6 17. Be3 Qe8 18. Ra3 Rb8 19. Ba7 Ra8 20. Bd4 Rb8 21. b4 Nf6 22. Nb6 Bd7 23. c4 Bd8 24. Rg3 Rg6 25. Rxg6 hxg6 26. Qb3 Bxb6 27. axb6 Rc8 28. h3 Ba4 29. Qb1 Qd8 30. Qa2 Be8 31. Qa3 Bf7 32. Kh2 Kf8 33. Rd1 Qe7 34. Be3 Kg8 35. Qa5 Kh8 36. Qa1 Kg8 37. Qd4 Qd7 38. Qa1 Qe7 39. Rc1 Kh7 40. Rd1 Kg8 41. Qd4 Kh7 42. Rd2 Kg8 43. Qa1 Qd8 44. g3 Nd7 45. Qd4 Nf6 46. Bd1 Nd7 47. Bb3 g5 48. Rg2 1/2-1/2

[Event "EYTCC U18 Open 2019"]
[Site "Pardubice"]
[Date "2019.07.15"]
[Round "5.3"]
[White "Haring, Filip"]
[Black "Kosakowski, Jakub"]
[Result "0-1"]
[ECO "C56"]
[WhiteElo "2334"]
[BlackElo "2394"]
[Annotator "ChessBase"]
[PlyCount "102"]
[EventDate "2019.07.11"]
[EventType "swiss"]
[EventCountry "CZE"]
[SourceTitle "playchess.com"]
[Source "ChessBase"]
[SourceQuality "1"]
[WhiteTeam "Slovakia"]
[BlackTeam "Poland"]
[WhiteTeamCountry "SVK"]
[BlackTeamCountry "POL"]
[TimeControl "40/5400+30:1800+30"]

1. e4 e5 2. Nf3 Nc6 3. d4 exd4 4. Bc4 Nf6 5. O-O Nxe4 6. Re1 d5 7. Bxd5 Qxd5 8. Nc3 Qh5 9. Nxe4 Be6 10. Bg5 Bd6 11. Nxd6+ cxd6 12. Bf4 Qd5 13. c3 Qf5 14. Bg3 dxc3 15. bxc3 O-O 16. Qxd6 Rfd8 17. Qa3 Rd3 18. Qb2 b6 19. Rad1 Rad8 20. Rxd3 Rxd3 21. c4 Qa5 22. Rc1 h6 23. h4 Qa3 24. Qxa3 Rxa3 25. c5 b5 26. Ne5 Nd4 27. Rd1 Ne2+ 28. Kh2 Nxg3 29. fxg3 Rxa2 30. c6 Rc2 31. Rd8+ Kh7 32. Rb8 Bd5 33. Nd7 Kg6 34. h5+ Kf5 35. Rxb5 Ke6 36. Nc5+ Kd6 37. c7 Bxg2 38. c8=N+ Kc7 39. Na6+ Kxc8 40. Rb8+ Kd7 41. Kg1 Bd5 42. Rb4 Kd6 43. Rg4 Rc6 44. Ra4 Rc1+ 45. Kf2 Rc2+ 46. Ke3 Ra2 47. Rxa2 Bxa2 48. g4 Be6 49. Kf4 Bc4 50. Nb4 Kc5 51. Nc2 Bd3 0-1

[Event "EYTCC U18 Open 2019"]
[Site "Pardubice"]
[Date "2019.07.15"]
[Round "5.4"]
[White "Chylewski, Patryk"]
[Black "Sahidi, Samir"]
[Result "0-1"]
[ECO "A52"]
[WhiteElo "2376"]
[BlackElo "2369"]
[Annotator "ChessBase"]
[PlyCount "266"]
[EventDate "2019.07.11"]
[EventType "swiss"]
[EventCountry "CZE"]
[SourceTitle "playchess.com"]
[Source "ChessBase"]
[SourceQuality "1"]
[WhiteTeam "Poland"]
[BlackTeam "Slovakia"]
[WhiteTeamCountry "POL"]
[BlackTeamCountry "SVK"]
[TimeControl "40/5400+30:1800+30"]

1. d4 Nf6 2. c4 e5 3. dxe5 Ng4 4. Nc3 Bc5 5. e3 Nxe5 6. Nh3 O-O 7. Nf4 d6 8. Be2 Nbc6 9. O-O Bf5 10. b3 Qh4 11. Bb2 Ng4 12. Bxg4 Qxg4 13. Qxg4 Bxg4 14. Nfd5 Bb6 15. Rac1 Ba5 16. h3 Bd7 17. Rfd1 Bxc3 18. Bxc3 Rac8 19. Rd2 Be6 20. Nf4 Rfe8 21. Nh5 f6 22. e4 Bf7 23. Ng3 h5 24. f3 Ne5 25. Nf5 Nd7 26. Bb4 Be6 27. Ng3 g6 28. Ne2 b6 29. Bc3 Kf7 30. Nd4 Rg8 31. Kf2 g5 32. Rh1 Ne5 33. Rdd1 Bd7 34. Nc2 Ng6 35. Ne3 Be6 36. Rd2 a6 37. Bb2 b5 38. Rc1 Nf4 39. Nd5 bxc4 40. bxc4 Bxd5 41. cxd5 Ke7 42. Rc6 Kd7 43. Rxa6 g4 44. hxg4 hxg4 45. Ke3 gxf3 46. Kxf3 Ng6 47. g3 Rgf8 48. Rh2 Rf7 49. Ke3 f5 50. e5 Nxe5 51. Bxe5 Re8 52. Kf3 Rxe5 53. Rd2 Rfe7 54. Ra7 Re3+ 55. Kf4 R7e4+ 56. Kxf5 Rc4 57. Ra5 Rf3+ 58. Kg5 Rxg3+ 59. Kf5 Rf3+ 60. Kg5 Rc1 61. Kg4 Rf7 62. Kh3 Rh1+ 63. Kg2 Rh5 64. Rf2 Rfh7 65. Kf1 Re5 66. Kg2 Ke7 67. Ra7 Rg5+ 68. Kf1 Rh1+ 69. Ke2 Re5+ 70. Kf3 Rh3+ 71. Kg4 Rc3 72. Rh2 Kf6 73. Rf2+ Kg6 74. Ra8 Rc4+ 75. Kh3 Rxd5 76. Rg8+ Kh7 77. Rg3 Rcc5 78. Rf7+ Kh6 79. Rf6+ Kh5 80. Rf7 Rg5 81. Re3 Rg6 82. a4 Kh6 83. Kh2 Rg4 84. a5 Kg6 85. Rd7 Ra4 86. Ree7 Rc2+ 87. Kg3 Rc3+ 88. Kf2 Rc2+ 89. Ke3 Rc3+ 90. Kd2 Rh3 91. Kc2 Ra2+ 92. Kb1 Rxa5 93. Rxc7 Kf5 94. Rc2 Rb3+ 95. Kc1 Ra1+ 96. Kd2 Rh1 97. Re2 d5 98. Rc3 Rb2+ 99. Rc2 Rb4 100. Rc3 Ra1 101. Rf3+ Kg4 102. Rff2 Ra2+ 103. Kc3 Rc4+ 104. Kd3 Ra3+ 105. Kd2 Rd4+ 106. Kc2 Re4 107. Rd2 d4 108. Kb2 Rh3 109. Kc2 Rc3+ 110. Kb2 Rc6 111. Rd3 Rc8 112. Rfd2 Rd8 113. Rf2 Re7 114. Kc2 Rc7+ 115. Kd1 Ra7 116. Rfd2 Ra4 117. Ke2 Kf5 118. Rh3 Ke4 119. Rh4+ Kd5 120. Rh5+ Kc4 121. Rc2+ Kb4 122. Kd2 Rf8 123. Kd3 Rf3+ 124. Ke4 Kb3 125. Rc1 Re3+ 126. Kf4 Rc3 127. Rd1 Kc2 128. Rhh1 d3+ 129. Ke3 d2+ 130. Ke2 Re4+ 131. Kf2 Rd3 132. Rhg1 Re7 133. Rh1 Rd8 0-1

[Event "EYTCC U18 Open 2019"]
[Site "Pardubice"]
[Date "2019.07.15"]
[Round "5.5"]
[White "Subelj, Jan"]
[Black "Parkhov, Yair"]
[Result "0-1"]
[ECO "B51"]
[WhiteElo "2425"]
[BlackElo "2354"]
[Annotator "ChessBase"]
[PlyCount "111"]
[EventDate "2019.07.11"]
[EventType "swiss"]
[EventCountry "CZE"]
[SourceTitle "playchess.com"]
[Source "ChessBase"]
[SourceQuality "1"]
[WhiteTeam "Slovenia"]
[BlackTeam "Israel"]
[WhiteTeamCountry "SLO"]
[BlackTeamCountry "ISR"]
[TimeControl "40/5400+30:1800+30"]

1. e4 c5 2. Nf3 d6 3. Bb5+ Nd7 4. c3 Ngf6 5. Qe2 a6 6. Ba4 b5 7. Bc2 e6 8. d4 Be7 9. O-O Bb7 10. a4 O-O 11. Re1 Qc7 12. axb5 axb5 13. Rxa8 Rxa8 14. e5 dxe5 15. dxe5 Nd5 16. Na3 b4 17. Nb5 Qb8 18. c4 N5b6 19. Ng5 Bxg5 20. Bxg5 Qxe5 21. Qxe5 Nxe5 22. b3 Ned7 23. Nd6 Bc6 24. Be3 h6 25. f4 f5 26. Bf2 Ra2 27. Bd3 Rd2 28. Re3 Nf8 29. h3 g6 30. g4 e5 31. gxf5 exf4 32. Re7 Rxd3 33. Bxc5 Nbd7 34. f6 Nxf6 35. Nf7 Rd7 36. Nxh6+ Kh8 37. Nf7+ Kg7 38. Ne5+ Rxe7 39. Bxe7 Be4 40. Bxb4 N8d7 41. Bc3 Nxe5 42. Bxe5 f3 43. b4 Kf7 44. Kf2 Ke6 45. Bh2 Nd7 46. Ke3 Ne5 47. Bg3 Kf5 48. Kd4 Nd3 49. b5 f2 50. Bxf2 Nxf2 51. c5 Nxh3 52. c6 Nf4 53. Kc5 Nd5 54. b6 Nxb6 55. Kxb6 Bxc6 56. Kxc6 0-1

[Event "EYTCC U18 Open 2019"]
[Site "Pardubice"]
[Date "2019.07.15"]
[Round "5.6"]
[White "Zlatin, Alexander"]
[Black "Stevanic, David"]
[Result "0-1"]
[ECO "C88"]
[WhiteElo "2270"]
[BlackElo "2306"]
[Annotator "NA"]
[PlyCount "138"]
[EventDate "2019.07.11"]
[EventType "swiss"]
[EventCountry "CZE"]
[SourceTitle "playchess.com"]
[Source "ChessBase"]
[SourceQuality "1"]
[WhiteTeam "Israel"]
[BlackTeam "Slovenia"]
[WhiteTeamCountry "ISR"]
[BlackTeamCountry "SLO"]
[TimeControl "40/5400+30:1800+30"]

1. e4 e5 2. Nf3 Nc6 3. Bb5 a6 4. Ba4 Nf6 5. O-O Be7 6. Re1 b5 7. Bb3 O-O 8. a4 Bb7 9. d3 d6 10. Nc3 b4 11. Nd5 Nxd5 12. Bxd5 Na5 13. Bxb7 Nxb7 14. c3 c5 15. Qb3 Na5 16. Qd5 bxc3 17. bxc3 Rb8 18. Be3 Rb2 19. Rad1 Qa8 20. d4 Qxd5 21. exd5 exd4 22. cxd4 c4 23. Bf4 Rb7 24. Rxe7 Rxe7 25. Bxd6 Rd7 26. Bxf8 Kxf8 27. Ne1 Rb7 28. Nc2 Rb2 29. Ne3 c3 30. Re1 Nb3 31. Nc4 Nd2 32. Ne5 Rb1 33. Rxb1 Nxb1 34. Nd3 Nd2 35. Nc1 Ke7 36. f3 Kd6 37. Kf2 Nc4 38. Ke2 Nb2 39. Na2 Kxd5 40. Nxc3+ Kxd4 41. Kd2 Nc4+ 42. Kc2 Ne3+ 43. Kb3 Nxg2 44. a5 Ne1 45. Nb5+ Kc5 46. Nc7 Nxf3 47. Ka4 Nxh2 48. Nxa6+ Kc6 49. Nb4+ Kb7 50. Kb5 Ng4 51. a6+ Ka8 52. Kb6 Nf6 53. Kc5 h5 54. Kd4 h4 55. Ke3 h3 56. Kf3 Ng4 57. Nc6 h2 58. Kg2 f5 59. Nd4 f4 60. Nf3 Ka7 61. Nd4 Kxa6 62. Nf5 f3+ 63. Kh1 f2 64. Ng3 Ne3 65. Kxh2 f1=Q 66. Nxf1 Nxf1+ 67. Kh3 Ne3 68. Kh4 Nf5+ 69. Kg5 Ne7 0-1

[Event "EYTCC U18 Open 2019"]
[Site "Pardubice"]
[Date "2019.07.15"]
[Round "5.7"]
[White "Tisaj, Domen"]
[Black "Rozen, Eytan"]
[Result "1/2-1/2"]
[ECO "E46"]
[WhiteElo "2232"]
[BlackElo "2260"]
[Annotator "NA"]
[PlyCount "105"]
[EventDate "2019.07.11"]
[EventType "swiss"]
[EventCountry "CZE"]
[SourceTitle "playchess.com"]
[Source "ChessBase"]
[SourceQuality "1"]
[WhiteTeam "Slovenia"]
[BlackTeam "Israel"]
[WhiteTeamCountry "SLO"]
[BlackTeamCountry "ISR"]
[TimeControl "40/5400+30:1800+30"]

1. d4 Nf6 2. c4 e6 3. Nc3 Bb4 4. e3 O-O 5. Nge2 Re8 6. a3 Bf8 7. d5 a5 8. g3 Na6 9. Bg2 Nc5 10. b3 exd5 11. cxd5 Nfe4 12. Nxe4 Nxe4 13. Bb2 c5 14. a4 d6 15. O-O Bd7 16. Qc2 Nf6 17. Nc3 g6 18. Rfe1 Bg7 19. e4 h5 20. Rad1 Rc8 21. Nb1 b5 22. axb5 Bxb5 23. Na3 Ba6 24. Nc4 Bxc4 25. bxc4 Nd7 26. Bxg7 Kxg7 27. Qc3+ Kg8 28. f4 Qf6 29. e5 Qg7 30. Bh3 Rcd8 31. Qxa5 dxe5 32. Bxd7 Rxd7 33. fxe5 Rxe5 34. Rxe5 Qxe5 35. Qxc5 Rc7 36. Qd4 Qe2 37. Rc1 h4 38. gxh4 Re7 39. Ra1 Kh7 40. Qf4 Re4 41. Qxf7+ Kh6 42. Qf8+ Kh5 43. h3 Qe3+ 44. Kg2 Qd2+ 45. Kh1 Qc3 46. Qf1 Re3 47. Qd1+ Kh6 48. Qc1 Qd3 49. Kg1 Kh7 50. Ra7+ Kg8 51. Ra8+ Kh7 52. Ra7+ Kg8 53. Ra8+ 1/2-1/2

[Event "EYTCC U18 Open 2019"]
[Site "Pardubice"]
[Date "2019.07.15"]
[Round "5.8"]
[White "Gleizer, Adar"]
[Black "Marn, Jan"]
[Result "0-1"]
[ECO "C99"]
[WhiteElo "1748"]
[BlackElo "2215"]
[Annotator "ChessBase"]
[PlyCount "72"]
[EventDate "2019.07.11"]
[EventType "swiss"]
[EventCountry "CZE"]
[SourceTitle "playchess.com"]
[Source "ChessBase"]
[SourceQuality "1"]
[WhiteTeam "Israel"]
[BlackTeam "Slovenia"]
[WhiteTeamCountry "ISR"]
[BlackTeamCountry "SLO"]
[TimeControl "40/5400+30:1800+30"]

1. e4 e5 2. Nf3 Nc6 3. Bb5 a6 4. Ba4 Nf6 5. O-O Be7 6. Re1 b5 7. Bb3 d6 8. c3 O-O 9. h3 Na5 10. Bc2 c5 11. d4 Qc7 12. Nbd2 cxd4 13. cxd4 Nc6 14. Nf1 Nxd4 15. Nxd4 exd4 16. Bb3 Qb6 17. Ng3 Re8 18. Qd3 Bb7 19. Nf5 Bf8 20. f3 d5 21. e5 Nd7 22. Bf4 f6 23. e6 Rxe6 24. Rxe6 Qxe6 25. Nxd4 Qf7 26. Bc2 g6 27. Re1 Re8 28. Rxe8 Qxe8 29. Qd2 Bc5 30. Kh2 Nf8 31. b4 Ba7 32. Bb3 Ne6 33. Ne2 Nxf4 34. Nxf4 Be3 35. Nxd5 Bxd2 36. Nxf6+ Kf8 0-1

[Event "EYTCC U18 Open 2019"]
[Site "Pardubice"]
[Date "2019.07.15"]
[Round "5.9"]
[White "Gavrilescu, David"]
[Black "Miesbauer, Jan"]
[Result "1/2-1/2"]
[ECO "B31"]
[WhiteElo "2473"]
[BlackElo "2409"]
[Annotator "ChessBase"]
[PlyCount "119"]
[EventDate "2019.07.11"]
[EventType "swiss"]
[EventCountry "CZE"]
[SourceTitle "playchess.com"]
[Source "ChessBase"]
[SourceQuality "1"]
[WhiteTeam "Romania"]
[BlackTeam "Czech Republic"]
[WhiteTeamCountry "ROU"]
[BlackTeamCountry "CZE"]
[TimeControl "40/5400+30:1800+30"]

1. e4 c5 2. Nf3 Nc6 3. Bb5 g6 4. O-O Bg7 5. Nc3 Nd4 6. Ba4 a6 7. d3 e6 8. Nxd4 cxd4 9. Ne2 Ne7 10. Bg5 h6 11. Bh4 O-O 12. f4 d6 13. Qd2 f5 14. Bb3 Kh7 15. exf5 Rxf5 16. Rae1 d5 17. Bxe7 Qxe7 18. Ng3 Rf8 19. Bxd5 Qf7 20. Bb3 Bd7 21. Ne4 Qe7 22. Re2 e5 23. Ref2 exf4 24. Rxf4 Rxf4 25. Qxf4 Rf8 26. Qxf8 Bxf8 27. Rf7+ Qxf7 28. Bxf7 Bc6 29. Bd5 Bxd5 30. Nf6+ Kg7 31. Nxd5 Kf7 32. Kf2 Bd6 33. Kf3 Ke6 34. Nf4+ Kf5 35. g3 g5 36. g4+ Ke5 37. Nh5 b5 38. Ng3 b4 39. h3 Kd5 40. Ne4 Be7 41. Nd2 Bd6 42. Nc4 Bc7 43. Ke2 Kc5 44. Kd2 Bf4+ 45. Kd1 Kb5 46. c3 dxc3 47. bxc3 bxc3 48. Kc2 Kc5 49. Kxc3 Kd5 50. Nd2 Bc7 51. Nf3 Bd8 52. Kd2 Bb6 53. Ke2 Bc5 54. h4 gxh4 55. Nxh4 Ke5 56. Nf5 Bf8 57. Ke3 h5 58. d4+ Kf6 59. Kf4 hxg4 60. Kxg4 {[%emt 0:00:17] Ke5} 1/2-1/2

[Event "EYTCC U18 Open 2019"]
[Site "Pardubice"]
[Date "2019.07.15"]
[Round "5.11"]
[White "Ileana, George"]
[Black "Svanda, Ondrej"]
[Result "1/2-1/2"]
[ECO "A34"]
[WhiteElo "2344"]
[BlackElo "2234"]
[Annotator "NA"]
[PlyCount "94"]
[EventDate "2019.07.11"]
[EventType "swiss"]
[EventCountry "CZE"]
[SourceTitle "playchess.com"]
[Source "ChessBase"]
[SourceQuality "1"]
[WhiteTeam "Romania"]
[BlackTeam "Czech Republic"]
[WhiteTeamCountry "ROU"]
[BlackTeamCountry "CZE"]
[TimeControl "40/5400+30:1800+30"]

1. c4 c5 2. Nc3 g6 3. e3 Nf6 4. d4 cxd4 5. exd4 d5 6. cxd5 Nxd5 7. Qb3 Nb6 8. Nf3 Bg7 9. Bb5+ Bd7 10. O-O O-O 11. Bf4 Be6 12. Qa3 a6 13. Be2 Nc6 14. Rfd1 Nd5 15. Bg3 Rc8 16. Nxd5 Bxd5 17. Ne5 e6 18. Nxc6 Rxc6 19. b4 Qb6 20. b5 axb5 21. Rab1 Qa6 22. Qb4 Bc4 23. Bf3 Rcc8 24. a4 Qxa4 25. Qxa4 bxa4 26. Bxb7 Rcd8 27. Rb4 Bb3 28. Rd3 Bd5 29. Bxd5 Rxd5 30. Rxa4 e5 31. Raa3 exd4 32. Kf1 Re8 33. Bf4 Rb5 34. Ra1 h6 35. h4 Rc8 36. Bd2 Rb2 37. g3 h5 38. Rd1 Rcc2 39. Be1 Be5 40. R1d2 Rxd2 41. Bxd2 Kf8 42. Ke2 Ke7 43. Ra3 Ke6 44. Ra6+ Kd5 45. Ra5+ Ke6 46. Ra6+ Kd5 47. Ra5+ Ke6 1/2-1/2

[Event "EYTCC U18 Open 2019"]
[Site "Pardubice"]
[Date "2019.07.15"]
[Round "5.12"]
[White "Mica, Marek"]
[Black "Ognean, Mihnea-Ionut"]
[Result "0-1"]
[ECO "D37"]
[WhiteElo "2222"]
[BlackElo "2287"]
[Annotator "NA"]
[PlyCount "98"]
[EventDate "2019.07.11"]
[EventType "swiss"]
[EventCountry "CZE"]
[SourceTitle "playchess.com"]
[Source "ChessBase"]
[SourceQuality "1"]
[WhiteTeam "Czech Republic"]
[BlackTeam "Romania"]
[WhiteTeamCountry "CZE"]
[BlackTeamCountry "ROU"]
[TimeControl "40/5400+30:1800+30"]

1. d4 Nf6 2. c4 e6 3. Nf3 d5 4. Nc3 Nbd7 5. Bg5 c6 6. cxd5 exd5 7. e3 h6 8. Bh4 g5 9. Bg3 Nh5 10. Bd3 Nxg3 11. hxg3 Bg7 12. Qc2 Nb6 13. b4 a6 14. a4 Qe7 15. O-O Be6 16. b5 axb5 17. axb5 Rxa1 18. Rxa1 c5 19. Na4 Nxa4 20. Rxa4 c4 21. Ra8+ Kd7 22. Ra7 Rb8 23. Be2 Ke8 24. Qa4 Kf8 25. Ra8 Qd8 26. Rxb8 Qxb8 27. Nd2 Kg8 28. Nb1 Bf8 29. Nc3 Qd6 30. e4 dxe4 31. d5 Bf5 32. Qxc4 e3 33. Ne4 Qe5 34. Bd3 e2 35. Nf6+ Qxf6 36. Bxe2 Bd6 37. Qa2 Qc3 38. Kh2 Bc5 39. Bh5 Kg7 40. d6 Be6 41. Qe2 Bxd6 42. Qe4 Qc4 43. Qe3 Qxb5 44. Be2 Qc5 45. Qf3 g4 46. Qxb7 Qxf2 47. Qb2+ Kg8 48. Qc1 Qxg3+ 49. Kh1 Qh2# 0-1

[Event "EYTCC U18 Open 2019"]
[Site "Pardubice"]
[Date "2019.07.15"]
[Round "5.13"]
[White "Ozsakallioglu, Okan"]
[Black "Jakab, Bela"]
[Result "1/2-1/2"]
[ECO "D15"]
[WhiteElo "2243"]
[BlackElo "2278"]
[Annotator "ChessBase"]
[PlyCount "69"]
[EventDate "2019.07.11"]
[EventType "swiss"]
[EventCountry "CZE"]
[SourceTitle "playchess.com"]
[Source "ChessBase"]
[SourceQuality "1"]
[WhiteTeam "Turkey"]
[BlackTeam "Slovakia"]
[WhiteTeamCountry "TUR"]
[BlackTeamCountry "SVK"]
[TimeControl "40/5400+30:1800+30"]

1. Nf3 d5 2. d4 Nf6 3. c4 c6 4. Nc3 a6 5. a4 g6 6. Bf4 Bg7 7. a5 O-O 8. e3 Nbd7 9. h3 dxc4 10. Bxc4 b5 11. axb6 Nxb6 12. Bd3 Nbd5 13. Bh2 c5 14. O-O cxd4 15. Nxd4 Re8 16. Bb5 Bd7 17. Nxd5 Bxb5 18. Nc7 Bxf1 19. Nxe8 Nxe8 20. Kxf1 Qb6 21. Qe2 a5 22. Qd2 a4 23. Bg3 Nf6 24. Qc2 Qa6+ 25. Kg1 Nd5 26. Ra3 Nb6 27. b3 e5 28. Ne2 Bf8 29. Ra1 axb3 30. Rxa6 bxc2 31. Rxb6 Ra1+ 32. Kh2 Re1 33. Bxe5 Rxe2 34. Rc6 f6 35. Bb2 1/2-1/2

[Event "EYTCC U18 Open 2019"]
[Site "Pardubice"]
[Date "2019.07.15"]
[Round "5.14"]
[White "Bugar, Peter"]
[Black "Ozdemir, Serhan Berat"]
[Result "1/2-1/2"]
[ECO "A16"]
[WhiteElo "2002"]
[BlackElo "1985"]
[Annotator "NA"]
[PlyCount "99"]
[EventDate "2019.07.11"]
[EventType "swiss"]
[EventCountry "CZE"]
[SourceTitle "playchess.com"]
[Source "ChessBase"]
[SourceQuality "1"]
[WhiteTeam "Slovakia"]
[BlackTeam "Turkey"]
[WhiteTeamCountry "SVK"]
[BlackTeamCountry "TUR"]
[TimeControl "40/5400+30:1800+30"]

1. c4 Nf6 2. Nc3 g6 3. g3 Bg7 4. Bg2 O-O 5. e4 d6 6. Nge2 c5 7. O-O Nc6 8. d3 a6 9. a4 Bd7 10. h3 Rb8 11. Be3 Ne8 12. Rb1 Nc7 13. d4 cxd4 14. Nxd4 Nxd4 15. Bxd4 b5 16. Bxg7 Kxg7 17. Qd4+ Kg8 18. Rfd1 b4 19. Nd5 Nxd5 20. Qxd5 Bxa4 21. b3 Bd7 22. Ra1 Qc8 23. h4 Bc6 24. Qg5 Qb7 25. Re1 Ra8 26. Ra5 Qb6 27. Rea1 Ra7 28. h5 Qd4 29. Re1 Qb6 30. Rea1 Qd4 31. Re1 Re8 32. h6 Raa8 33. Qf4 Bb7 34. g4 Rac8 35. Qg3 Rc5 36. Rxc5 Qxc5 37. e5 Bxg2 38. Kxg2 d5 39. e6 f6 40. Re5 Qd4 41. Rxd5 Qe4+ 42. Kh3 Qxe6 43. Qc7 Qe4 44. Kg3 Qh1 45. Qd7 Kf8 46. c5 Qg1+ 47. Kf3 Qh1+ 48. Kg3 Qg1+ 49. Kf3 Qh1+ 50. Kg3 1/2-1/2

[Event "EYTCC U18 Open 2019"]
[Site "Pardubice"]
[Date "2019.07.15"]
[Round "5.15"]
[White "Buke, Furkan"]
[Black "Viczencz, Peter"]
[Result "0-1"]
[ECO "B43"]
[WhiteElo "1959"]
[BlackElo "2014"]
[Annotator "NA"]
[PlyCount "130"]
[EventDate "2019.07.11"]
[EventType "swiss"]
[EventCountry "CZE"]
[SourceTitle "playchess.com"]
[Source "ChessBase"]
[SourceQuality "1"]
[WhiteTeam "Turkey"]
[BlackTeam "Slovakia"]
[WhiteTeamCountry "TUR"]
[BlackTeamCountry "SVK"]
[TimeControl "40/5400+30:1800+30"]

1. e4 e6 2. d4 c5 3. Nf3 cxd4 4. Nxd4 a6 5. Nc3 Qc7 6. g3 Bb4 7. Bd2 Nc6 8. Nb3 Nf6 9. Bg2 O-O 10. O-O Be7 11. f4 b5 12. e5 Ne8 13. a4 b4 14. Ne4 d6 15. exd6 Nxd6 16. Nxd6 Bxd6 17. Be3 a5 18. Qf3 Bb7 19. Qf2 Ra6 20. Rfd1 Rc8 21. Bf1 Raa8 22. Bb6 Qe7 23. Bc5 Bxc5 24. Nxc5 Rd8 25. Bg2 Rac8 26. Nxb7 Qxb7 27. Kh1 Qa7 28. Qxa7 Nxa7 29. Bf3 g6 30. Rxd8+ Rxd8 31. Rd1 Rxd1+ 32. Bxd1 Kf8 33. Kg2 Ke7 34. Kf3 Kd6 35. Ke4 Nc6 36. Bf3 Kc5 37. Kd3 Ne7 38. Be4 Nc8 39. Bb7 Nb6 40. b3 Nd7 41. Ba6 Nf6 42. Bb7 h6 43. Bf3 g5 44. fxg5 hxg5 45. h4 gxh4 46. gxh4 Ng8 47. Ke4 f6 48. Bg2 Nh6 49. Bh3 Kd6 50. h5 Nf7 51. Bg2 f5+ 52. Kf4 Ke7 53. Kg3 Kf6 54. Kh4 e5 55. Bd5 Nh6 56. Bb7 e4 57. Bc6 e3 58. Bf3 Nf7 59. Be2 Ne5 60. h6 f4 61. Bh5 Nc6 62. Kh3 Nd4 63. Kg2 Nxc2 64. h7 Kg7 65. Bg6 e2 0-1